 Dungeon Crawl Stone Soup version 0.28.0-53-g5a82cb258f (webtiles) character file.

Game seed: 17383771559311689720

91 Stomo the Ruffian (level 4, 0/37 HPs)
             Began as a Draconian Transmuter on June 23, 2022.
             Slain by Natasha (4 damage)
             ... on level 3 of the Dungeon.
             The game lasted 00:02:59 (2328 turns).

Stomo the Ruffian (Draconian Transmuter)            Turns: 2328, Time: 00:03:00

Health: 0/37       AC:  5    Str: 11 (14) XL:     4   Next: 34%
Magic:  7/7        EV: 12    Int: 12 (14) God:
Gold:   85         SH:  0    Dex:  8 (11) Spells: 3/7 levels left

rFire   . . .      SeeInvis .     - Unarmed
rCold   . . .      Faith    .   (no shield)
rNeg    . . .      Spirit   .   (armour unavailable)
rPois   .          Reflect  .   (helmet restricted)
rElec   .          Harm     .   (no cloak)
rCorr   .          Rampage  .   (no gloves)
Will    .....                   (no boots)
Stlth   +.........              (no amulet)
HPRegen 0.12/turn               (no ring)
MPRegen 0.10/turn               (no ring)

@: slowed, very slow
A: AC +5, unfitting armour, cold-blooded
a: no special abilities


You were on level 3 of the Dungeon.
You visited 1 branch of the dungeon, and saw 3 of its levels.

You collected 85 gold pieces.

Inventory:

Scrolls
 a - a scroll of enchant weapon {unknown}
 c - 2 scrolls of amnesia {unknown}
 d - a scroll of fear {unknown}
 e - 2 scrolls of identify {unknown}
 f - 2 scrolls of vulnerability {unknown}
 h - 3 scrolls of teleportation {unknown}
Potions
 b - 4 potions of curing


   Skills:
 - Level 2.8 Fighting
 - Level 2.8 Dodging
 - Level 3.8 Unarmed Combat
 + Level 2.0 Spellcasting
 + Level 2.0 Transmutations


You had 3 spell levels left.
You knew the following spells:

 Your Spells              Type           Power      Damage    Failure   Level
a - Beastly Appendage     Tmut           12%        N/A       12%         1
b - Spider Form           Tmut/Pois      3%         N/A       47%         3

Your spell library contained the following spells:

 Spells                   Type           Power      Damage    Failure   Level
 Wereblood                Tmut           6%         N/A       19%         2
 Ice Form                 Ice/Tmut       3%         N/A       87%         4


Dungeon Overview and Level Annotations

Branches:
Dungeon (3/15)

Altars:

Annotations:
D:3 Natasha


Innate Abilities, Weirdness & Mutations

Your plain brown scales are hard. (AC +5)
You cannot fit into any form of body armour.
You are cold-blooded and may be slowed by cold attacks.


Message History

Natasha is moderately wounded.
The shadow imp hits you. Natasha claws you.
You hit Natasha.
Your tail-slap misses Natasha.
Natasha is heavily wounded.
The crimson imp blinks!
The shadow imp barely misses you. Natasha closely misses you.
You barely miss Natasha.
Natasha is heavily wounded.
The shadow imp closely misses you. Natasha closely misses you.
You closely miss Natasha.
Your tail-slap misses Natasha.
Natasha is heavily wounded.
The crimson imp puffs mist at you.
You barely miss Natasha.
Natasha is heavily wounded.
Natasha barely misses you.
You hit Natasha but do no damage.
Natasha is heavily wounded.
Natasha casts a spell at you. You resist with some effort.
The crimson imp hits you.
You hit Natasha but do no damage.
Natasha is heavily wounded.
Natasha claws you!
* * * LOW HITPOINT WARNING * * *
The crimson imp hits you but does no damage.
You barely miss Natasha.
Natasha is heavily wounded.
Natasha misses you. The crimson imp hits you.
* * * LOW HITPOINT WARNING * * *
You hit Natasha.
Natasha is heavily wounded.
Natasha barely misses you.
The crimson imp hits you but does no damage.
Unknown command.
Natasha stares at you and mumbles some strange words.
You feel yourself slow down. The crimson imp barely misses you.
Natasha claws you.
* * * LOW HITPOINT WARNING * * *
Natasha claws you.
You die...

######## #.....# #...
#####......##
####.....# #...
......####..#
#........# #...
.....## ##.###
##..(.....# #..>
.....#
#...###...#######
#... .....#
###..#..### #<..
.)...# #....##
#######... .....#
#...########....(....
.....#
#.#h@........########
.....# #.55#.########
.....# ##..##.#
#...### ####...##.#
##....###.....###.#
##.........### #..
##^....#### ##.
#....## . #...#..# ##


You could see Natasha, a crimson imp (summoned) and a shadow imp (summoned).

Vanquished Creatures
  A killer bee zombie (D:3)
  2 adders (D:2)
  4 dart slugs
  3 ball pythons
  A bat (D:1)
  6 endoplasms
  3 giant cockroaches
  3 goblins
  5 hobgoblins
  5 quokkas
  2 frilled lizards
  4 kobolds
  2 rats
41 creatures vanquished.

Notes
Turn   | Place    | Note
-------+----------+-------------------------------------------
     0 | D:1      | Stomo the Draconian Transmuter began the quest for the Orb.
     0 | D:1      | Reached XP level 1. HP: 16/16 MP: 3/3
   119 | D:1      | Reached XP level 2. HP: 23/23 MP: 3/5
   538 | D:1      | Found a faded altar of an unknown god.
  1002 | D:2      | Reached XP level 3. HP: 20/29 MP: 4/6
  1030 | D:2      | Learned a level 3 spell: Spider Form
  1847 | D:3      | Reached XP level 4. HP: 37/37 MP: 5/7
  2294 | D:3      | Noticed Natasha
  2328 | D:3      | Slain by Natasha

Illustrated notes

Levels and vault maps discovered:
D:1:      minmay_arrival_four_circles, layout_basic,
          shapermc_ecumenical_altar_venn, nrook_campfire
D:2:      layout_loops_ring
D:3:      layout_rooms, ebering_ghost_sewer_f, uniq_natasha

Skill      XL: |  1  2 |
---------------+-------+-----
Dodging        | 2 |  2.8
Fighting       | 2 |  2.8
Unarmed Combat | |  3.8
Spellcasting   | |  2.0
Transmutations | |  2.0

Action                   |  1- 3 |  4- 6 || total
-------------------------+-------+-------++-------
Melee: Unarmed           |    92 |    37 ||   129
       Headbutt          |     9 |     2 ||    11
       Kick              |    20 |     5 ||    25
       Tailslap          |     4 |     3 ||     7
       Punch             |     1 |     1 ||     2
 Cast: Beastly Appendage |    30 |     4 ||    34
  Use: Potion            |       |     3 ||     3
Armor: Skin              |    21 |    10 ||    31
Dodge: Dodged            |    46 |    34 ||    80
